[ PARTIDA AOE2 · #494081972 ]
UnrankedEslavos vs Maya
[ ANÁLISIS DE REPETICIÓN · EXTRAÍDO DE LA PARTIDA GRABADA ]
Feudal
9:47
Castillos
—
Imperial
—
| APM promedio | 37.9 |
| APM pico | 88 |
| eAPM promedio | 20.6 |
| Aldeanos / militares | 61 / 25 |
Foco
⚔️ 31.0% · 🌾 69.0%
Skirmisher ×12 · Spearman ×11 · Militia ×2
Feudal
9:02
Castillos
21:22
Imperial
—
| APM promedio | 38.7 |
| APM pico | 74 |
| eAPM promedio | 21.5 |
| Aldeanos / militares | 48 / 37 |
Foco
⚔️ 34.0% · 🌾 66.0%
Archer ×36 · Skirmisher ×1
Feudal
8:58
Castillos
—
Imperial
—
| APM promedio | 43.8 |
| APM pico | 76 |
| eAPM promedio | 18.2 |
| Aldeanos / militares | 59 / 20 |
Foco
⚔️ 35.5% · 🌾 64.5%
Scout Cavalry ×20
Feudal
9:09
Castillos
—
Imperial
—
| APM promedio | 34.2 |
| APM pico | 65 |
| eAPM promedio | 13.6 |
| Aldeanos / militares | 54 / 33 |
Foco
⚔️ 24.3% · 🌾 75.7%
Scout Cavalry ×32 · Spearman ×1
Mapa de la partida
Recursos iniciales + cada clic de construcción. Líneas = muros · curvas = relieve. ◆ oro · ⬟ piedra · ● bayas · ✦ reliquia · ◌ hueco del cierre
Tu base· Abierta — flanco sin cerrar
Base de [TOX2] Lord Rucci· ✓ Cerrada en 21:22 · 58t muro · 1 puerta(s)
Base de C_XW· ✓ Cerrada en 21:39 · 47t muro · 1 puerta(s)
Base de LRNI_robotech· Abierta — flanco sin cerrar
Terreno inicial suavizado · ◌ = hueco del cierre detectado · pasá el cursor para detalles
Inputs por minuto
— LRNI MarinM - - [TOX2] Lord Rucci
Build order — LRNI MarinM
149 acciones detectadas en el replay
| 0:00 | Crear | Villager (Male) |
| 0:01 | Crear | Villager (Male) |
| 0:01 | Crear | Villager (Male) |
| 0:02 | Construir | House |
| 0:04 | Construir | House |
| 0:40 | Crear | Villager (Male) |
| 0:40 | Crear | Villager (Male) |
| 1:25 | Crear | Villager (Male) |
| 1:25 | Crear | Villager (Male) |
| 1:50 | Construir | Lumber Camp |
| 2:06 | Crear | Villager (Male) |
| 2:31 | Crear | Villager (Male) |
| 2:31 | Crear | Villager (Male) |
| 3:07 | Crear | Villager (Male) |
| 3:07 | Crear | Villager (Male) |
| 3:44 | Crear | Villager (Male) |
| 3:44 | Crear | Villager (Male) |
| 4:07 | Crear | Villager (Male) |
| 4:19 | Construir | House |
| 4:25 | Crear | Villager (Male) |
| 4:46 | Crear | Villager (Male) |
| 4:46 | Crear | Villager (Male) |
| 5:07 | Construir | Mill |
| 5:22 | Crear | Villager (Male) |
| 5:23 | Crear | Villager (Male) |
| 5:23 | Crear | Villager (Male) |
| 5:32 | Crear | Villager (Male) |
| 5:32 | Crear | Villager (Male) |
| 5:45 | Construir | House |
| 5:47 | Crear | Villager (Male) |
| 6:39 | Crear | Villager (Male) |
| 6:58 | Investigar | Loom |
| 7:37 | Investigar | Feudal Age |
| 7:37 | Investigar | Feudal Age |
| 8:09 | Construir | Mining Camp |
| 8:19 | Construir | Farm |
| 8:21 | Construir | Farm |
| 9:13 | Construir | Mill |
| 9:35 | Crear | Villager (Male) |
| 9:47 | Edad | Edad Feudal |
| 10:12 | Crear | Villager (Male) |
| 10:20 | Construir | Barracks |
| 10:29 | Construir | Watch Tower |
| 10:36 | Crear | Villager (Male) |
| 10:46 | Construir | House |
| 10:48 | Crear | Villager (Male) |
| 11:08 | Construir | House |
| 11:13 | Construir | Farm |
| 11:22 | Crear | Villager (Male) |
| 11:43 | Crear | Militia |
| 11:48 | Crear | Villager (Male) |
| 11:59 | Crear | Militia |
| 12:11 | Investigar | Man-at-Arms (upgrade) |
| 12:16 | Crear | Villager (Male) |
| 12:18 | Construir | Farm |
| 12:39 | Crear | Villager (Male) |
| 12:42 | Construir | Archery Range |
| 12:45 | Crear | Villager (Male) |
| 12:57 | Construir | Palisade Gate |
| 13:06 | Construir | Palisade Wall |
| 13:08 | Construir | Palisade Wall |
| 13:15 | Crear | Villager (Male) |
| 13:20 | Crear | Skirmisher |
| 13:20 | Crear | Skirmisher |
| 13:24 | Crear | Spearman |
| 13:27 | Construir | House |
| 13:30 | Construir | Palisade Wall |
| 13:32 | Construir | Palisade Wall |
| 13:34 | Construir | Palisade Wall |
| 13:37 | Construir | Palisade Wall |
| 13:38 | Construir | Palisade Wall |
| 13:39 | Construir | Palisade Wall |
| 13:42 | Construir | Palisade Wall |
| 13:44 | Construir | Palisade Wall |
| 13:48 | Crear | Villager (Male) |
| 13:54 | Crear | Spearman |
| 13:54 | Crear | Spearman |
| 13:58 | Crear | Skirmisher |
| 14:16 | Crear | Villager (Male) |
| 14:35 | Crear | Skirmisher |
| 14:40 | Construir | Farm |
| 14:44 | Crear | Villager (Male) |
| 15:01 | Crear | Spearman |
| 15:02 | Crear | Skirmisher |
| 15:11 | Crear | Skirmisher |
| 15:23 | Crear | Villager (Male) |
| 15:23 | Crear | Villager (Male) |
| 15:26 | Construir | Farm |
| 15:28 | Construir | Farm |
| 15:47 | Crear | Skirmisher |
| 15:49 | Crear | Spearman |
| 15:54 | Construir | Farm |
| 16:07 | Crear | Villager (Male) |
| 16:08 | Construir | House |
| 16:27 | Investigar | Double-Bit Axe |
| 16:27 | Investigar | Double-Bit Axe |
| 16:37 | Crear | Villager (Male) |
| 16:38 | Construir | Farm |
| 16:59 | Crear | Spearman |
| 17:05 | Construir | Farm |
| 17:08 | Crear | Villager (Male) |
| 17:32 | Crear | Villager (Male) |
| 17:34 | Crear | Skirmisher |
| 17:53 | Crear | Villager (Male) |
| 17:53 | Crear | Villager (Male) |
| 17:58 | Crear | Skirmisher |
| 18:18 | Crear | Villager (Male) |
| 18:39 | Construir | Lumber Camp |
| 18:50 | Crear | Villager (Male) |
| 19:08 | Crear | Villager (Male) |
| 19:21 | Crear | Villager (Male) |
| 19:47 | Construir | Palisade Wall |
| 19:52 | Construir | Palisade Wall |
| 19:55 | Construir | Palisade Wall |
| 19:57 | Crear | Villager (Male) |
| 20:00 | Crear | Skirmisher |
| 20:00 | Crear | Skirmisher |
| 20:07 | Crear | Villager (Male) |
| 20:25 | Investigar | Horse Collar |
| 20:41 | Crear | Villager (Male) |
| 20:51 | Crear | Spearman |
| 21:01 | Construir | Palisade Wall |
| 21:04 | Construir | Palisade Wall |
| 21:10 | Crear | Villager (Male) |
| 21:11 | Crear | Villager (Male) |
| 21:11 | Crear | Villager (Male) |
| 21:33 | Construir | Palisade Wall |
| 21:38 | Construir | Palisade Wall |
| 21:44 | Construir | Palisade Wall |
| 21:48 | Crear | Villager (Male) |
| 22:02 | Construir | Market |
| 22:05 | Crear | Villager (Male) |
| 22:08 | Construir | Farm |
| 22:15 | Crear | Spearman |
| 22:15 | Crear | Spearman |
| 22:17 | Crear | Villager (Male) |
| 22:31 | Crear | Skirmisher |
| 22:55 | Construir | Watch Tower |
| 22:58 | Crear | Spearman |
| 22:59 | Crear | Spearman |
| 22:59 | Crear | Villager (Male) |
| 23:10 | Construir | Farm |
| 23:10 | Construir | Farm |
| 23:10 | Construir | Farm |
| 23:11 | Construir | Farm |
| 23:20 | Construir | Palisade Wall |
| 23:22 | Construir | Palisade Wall |
| 23:25 | Construir | Palisade Wall |
| 23:26 | Crear | Villager (Male) |
Build order — [TOX2] Lord Rucci
150 acciones detectadas en el replay
| 0:02 | Construir | House |
| 0:02 | Investigar | Loom |
| 0:03 | Construir | House |
| 0:26 | Crear | Villager (Male) |
| 0:27 | Crear | Villager (Male) |
| 0:27 | Crear | Villager (Male) |
| 1:22 | Crear | Villager (Male) |
| 1:23 | Crear | Villager (Male) |
| 1:23 | Crear | Villager (Male) |
| 1:48 | Construir | Lumber Camp |
| 2:01 | Crear | Villager (Male) |
| 2:22 | Crear | Villager (Male) |
| 2:22 | Crear | Villager (Male) |
| 2:22 | Crear | Villager (Male) |
| 2:44 | Construir | House |
| 2:49 | Crear | Villager (Male) |
| 3:15 | Crear | Villager (Male) |
| 3:42 | Crear | Villager (Male) |
| 3:42 | Crear | Villager (Male) |
| 3:43 | Crear | Villager (Male) |
| 4:11 | Crear | Villager (Male) |
| 4:11 | Crear | Villager (Male) |
| 4:11 | Crear | Villager (Male) |
| 4:27 | Crear | Villager (Male) |
| 4:41 | Construir | Mining Camp |
| 5:03 | Crear | Villager (Male) |
| 5:12 | Crear | Villager (Male) |
| 5:50 | Crear | Villager (Male) |
| 6:12 | Crear | Villager (Male) |
| 6:52 | Investigar | Feudal Age |
| 7:05 | Construir | Barracks |
| 7:21 | Construir | House |
| 8:11 | Construir | House |
| 8:24 | Crear | Villager (Male) |
| 9:02 | Edad | Edad Feudal |
| 9:05 | Construir | Archery Range |
| 9:07 | Investigar | Double-Bit Axe |
| 9:35 | Construir | Archery Range |
| 9:41 | Crear | Villager (Male) |
| 9:42 | Crear | Villager (Male) |
| 9:46 | Crear | Archer |
| 10:10 | Crear | Villager (Male) |
| 10:16 | Crear | Archer |
| 10:23 | Construir | House |
| 10:28 | Crear | Archer |
| 10:44 | Crear | Villager (Male) |
| 10:48 | Construir | House |
| 10:54 | Construir | House |
| 10:55 | Crear | Archer |
| 10:55 | Crear | Archer |
| 11:12 | Construir | Palisade Wall |
| 11:14 | Crear | Villager (Male) |
| 11:18 | Construir | House |
| 11:21 | Construir | Palisade Wall |
| 11:30 | Crear | Archer |
| 11:30 | Crear | Archer |
| 11:34 | Crear | Villager (Male) |
| 11:40 | Construir | Palisade Wall |
| 11:41 | Crear | Archer |
| 11:41 | Crear | Archer |
| 12:08 | Crear | Archer |
| 12:08 | Crear | Archer |
| 12:13 | Construir | Blacksmith |
| 12:31 | Crear | Villager (Male) |
| 12:36 | Construir | Mill |
| 12:40 | Construir | Palisade Wall |
| 12:45 | Construir | House |
| 12:47 | Construir | Palisade Wall |
| 12:49 | Crear | Villager (Male) |
| 12:57 | Crear | Archer |
| 12:57 | Crear | Archer |
| 13:19 | Crear | Archer |
| 13:19 | Crear | Archer |
| 13:22 | Construir | Farm |
| 13:22 | Construir | Farm |
| 13:23 | Construir | Farm |
| 13:23 | Construir | Farm |
| 13:39 | Crear | Archer |
| 13:39 | Crear | Archer |
| 14:05 | Crear | Archer |
| 14:05 | Crear | Archer |
| 14:05 | Crear | Villager (Male) |
| 14:08 | Construir | House |
| 14:11 | Construir | Farm |
| 14:24 | Crear | Villager (Male) |
| 14:33 | Crear | Villager (Male) |
| 14:52 | Construir | Palisade Wall |
| 14:54 | Crear | Villager (Male) |
| 14:56 | Construir | Farm |
| 14:56 | Construir | Farm |
| 14:56 | Construir | Farm |
| 15:00 | Construir | Farm |
| 15:25 | Construir | Farm |
| 15:29 | Construir | Farm |
| 15:38 | Crear | Villager (Male) |
| 15:47 | Construir | Farm |
| 15:52 | Construir | Farm |
| 15:57 | Crear | Villager (Male) |
| 16:09 | Investigar | Fletching |
| 16:10 | Investigar | Fletching |
| 16:12 | Crear | Villager (Male) |
| 16:20 | Crear | Villager (Male) |
| 16:54 | Crear | Villager (Male) |
| 16:57 | Construir | Market |
| 17:03 | Construir | Farm |
| 18:33 | Crear | Villager (Male) |
| 18:42 | Investigar | Castle Age |
| 18:43 | Investigar | Castle Age |
| 18:43 | Investigar | Castle Age |
| 18:47 | Crear | Archer |
| 18:47 | Crear | Archer |
| 19:02 | Construir | House |
| 19:04 | Construir | House |
| 19:06 | Construir | Palisade Gate |
| 19:13 | Investigar | Gold Mining |
| 19:23 | Investigar | Horse Collar |
| 19:25 | Crear | Archer |
| 19:25 | Crear | Archer |
| 19:41 | Construir | Palisade Wall |
| 19:48 | Crear | Skirmisher |
| 19:51 | Crear | Archer |
| 19:51 | Crear | Archer |
| 20:04 | Crear | Villager (Male) |
| 20:09 | Crear | Archer |
| 20:09 | Crear | Archer |
| 20:32 | Investigar | Padded Archer Armor |
| 20:39 | Crear | Archer |
| 20:39 | Crear | Archer |
| 21:22 | Edad | Edad de los Castillos |
| 21:23 | Investigar | Crossbowman (upgrade) |
| 21:23 | Investigar | Crossbowman (upgrade) |
| 21:24 | Investigar | Crossbowman (upgrade) |
| 21:29 | Investigar | Bodkin Arrow |
| 21:29 | Investigar | Bodkin Arrow |
| 21:29 | Investigar | Bodkin Arrow |
| 21:51 | Crear | Villager (Male) |
| 21:51 | Crear | Villager (Male) |
| 22:12 | Crear | Villager (Male) |
| 22:14 | Crear | Archer |
| 22:14 | Crear | Archer |
| 22:15 | Crear | Archer |
| 22:25 | Crear | Villager (Male) |
| 22:29 | Construir | Town Center |
| 22:52 | Crear | Villager (Male) |
| 22:57 | Crear | Archer |
| 22:57 | Crear | Archer |
| 22:59 | Crear | Archer |
| 23:00 | Construir | Archery Range |
| 23:13 | Crear | Archer |
| 23:17 | Investigar | Thumb Ring |
Build order — C_XW
150 acciones detectadas en el replay
| 0:01 | Crear | Villager (Male) ×5 |
| 0:01 | Crear | Villager (Male) ×5 |
| 0:02 | Construir | House |
| 0:03 | Construir | House |
| 1:21 | Crear | Villager (Male) |
| 1:59 | Crear | Villager (Male) |
| 2:10 | Crear | Villager (Male) |
| 2:40 | Crear | Villager (Male) |
| 2:41 | Crear | Villager (Male) |
| 2:47 | Crear | Villager (Male) |
| 3:02 | Construir | Lumber Camp |
| 3:24 | Crear | Villager (Male) |
| 3:41 | Construir | House |
| 3:45 | Construir | House |
| 4:16 | Construir | House |
| 4:22 | Crear | Villager (Male) |
| 4:46 | Construir | House |
| 4:51 | Crear | Villager (Male) |
| 4:51 | Crear | Villager (Male) |
| 5:38 | Crear | Villager (Male) |
| 6:07 | Crear | Villager (Male) |
| 6:08 | Investigar | Loom |
| 6:12 | Construir | Mill |
| 6:26 | Crear | Villager (Male) |
| 6:50 | Investigar | Feudal Age |
| 6:50 | Investigar | Feudal Age |
| 7:51 | Investigar | Loom |
| 8:19 | Construir | Barracks |
| 8:31 | Construir | Mill |
| 8:58 | Edad | Edad Feudal |
| 9:12 | Crear | Villager (Male) |
| 9:14 | Investigar | Double-Bit Axe |
| 9:31 | Crear | Villager (Male) |
| 9:49 | Crear | Villager (Male) |
| 10:06 | Construir | Stable |
| 10:14 | Crear | Villager (Male) |
| 10:17 | Construir | Farm |
| 10:20 | Construir | Farm |
| 10:36 | Construir | Palisade Gate |
| 10:38 | Construir | Palisade Wall |
| 10:44 | Crear | Villager (Male) |
| 10:54 | Crear | Scout Cavalry |
| 11:05 | Crear | Villager (Male) |
| 11:07 | Construir | Farm |
| 11:12 | Crear | Scout Cavalry |
| 11:22 | Construir | House |
| 11:22 | Crear | Villager (Male) |
| 11:31 | Construir | Blacksmith |
| 11:32 | Crear | Villager (Male) |
| 11:36 | Crear | Scout Cavalry |
| 11:46 | Construir | Farm |
| 11:48 | Construir | Farm |
| 11:51 | Crear | Villager (Male) |
| 12:16 | Construir | Farm |
| 12:16 | Crear | Villager (Male) |
| 12:25 | Construir | House |
| 12:26 | Crear | Villager (Male) |
| 12:32 | Crear | Villager (Male) |
| 12:34 | Construir | House |
| 12:36 | Construir | Farm |
| 12:38 | Construir | Farm |
| 12:40 | Construir | Farm |
| 12:41 | Crear | Villager (Male) |
| 12:58 | Construir | Farm |
| 12:59 | Crear | Villager (Male) |
| 13:02 | Crear | Scout Cavalry |
| 13:05 | Construir | House |
| 13:05 | Crear | Villager (Male) |
| 13:10 | Construir | House |
| 13:17 | Crear | Villager (Male) |
| 13:25 | Construir | Farm |
| 13:28 | Construir | Farm |
| 13:45 | Crear | Villager (Male) |
| 13:47 | Construir | House |
| 13:49 | Construir | House |
| 13:50 | Crear | Villager (Male) |
| 13:55 | Crear | Villager (Male) |
| 14:03 | Crear | Villager (Male) |
| 14:11 | Construir | Farm |
| 14:11 | Crear | Villager (Male) |
| 14:24 | Construir | House |
| 14:26 | Construir | House |
| 14:29 | Construir | Palisade Wall |
| 14:32 | Construir | Farm |
| 14:32 | Crear | Villager (Male) |
| 14:41 | Crear | Scout Cavalry |
| 14:47 | Crear | Villager (Male) |
| 14:51 | Investigar | Scale Barding Armor |
| 14:55 | Construir | House |
| 14:57 | Crear | Villager (Male) |
| 15:02 | Construir | Mining Camp |
| 15:05 | Crear | Scout Cavalry |
| 15:13 | Crear | Villager (Male) |
| 15:19 | Crear | Scout Cavalry |
| 15:31 | Construir | Stable |
| 15:41 | Construir | Palisade Wall |
| 15:44 | Crear | Villager (Male) |
| 15:57 | Crear | Villager (Male) |
| 16:07 | Crear | Scout Cavalry |
| 16:07 | Crear | Scout Cavalry |
| 16:19 | Investigar | Forging |
| 16:20 | Investigar | Forging |
| 16:20 | Crear | Villager (Male) |
| 16:24 | Construir | Farm |
| 16:27 | Construir | Farm |
| 16:30 | Construir | Farm |
| 16:37 | Crear | Scout Cavalry |
| 16:40 | Crear | Villager (Male) |
| 16:42 | Construir | Farm |
| 16:50 | Construir | Palisade Wall |
| 16:59 | Crear | Scout Cavalry |
| 17:00 | Crear | Scout Cavalry |
| 17:16 | Crear | Scout Cavalry |
| 17:17 | Crear | Scout Cavalry |
| 17:28 | Crear | Villager (Male) |
| 17:35 | Crear | Villager (Male) |
| 17:56 | Crear | Villager (Male) |
| 17:58 | Crear | Scout Cavalry |
| 17:58 | Crear | Scout Cavalry |
| 18:10 | Construir | Lumber Camp |
| 18:11 | Crear | Scout Cavalry |
| 18:12 | Crear | Scout Cavalry |
| 18:31 | Crear | Scout Cavalry |
| 18:31 | Crear | Scout Cavalry |
| 18:42 | Crear | Villager (Male) |
| 18:47 | Crear | Villager (Male) |
| 18:52 | Construir | Lumber Camp |
| 19:08 | Construir | House |
| 19:15 | Construir | House |
| 19:20 | Construir | House |
| 19:22 | Construir | Market |
| 19:24 | Crear | Villager (Male) |
| 19:37 | Investigar | Bloodlines |
| 19:41 | Crear | Villager (Male) |
| 19:51 | Construir | Farm |
| 19:53 | Construir | Farm |
| 19:55 | Construir | Farm |
| 20:19 | Construir | Farm |
| 20:21 | Construir | Farm |
| 20:23 | Investigar | Wheelbarrow |
| 20:37 | Construir | Lumber Camp |
| 20:45 | Construir | Farm |
| 20:59 | Construir | Farm |
| 21:29 | Construir | House |
| 21:39 | Investigar | Castle Age |
| 22:10 | Construir | House |
| 22:12 | Investigar | Gold Mining |
| 22:12 | Investigar | Gold Mining |
| 22:38 | Construir | Stable |
| 23:17 | Construir | House |
Build order — LRNI_robotech
121 acciones detectadas en el replay
| 0:00 | Crear | Villager (Male) |
| 0:01 | Crear | Villager (Male) |
| 0:12 | Crear | Villager (Male) |
| 0:13 | Crear | Villager (Male) |
| 1:23 | Crear | Villager (Male) |
| 1:24 | Crear | Villager (Male) |
| 1:56 | Crear | Villager (Male) |
| 2:32 | Construir | Mill |
| 2:35 | Crear | Villager (Male) |
| 2:36 | Crear | Villager (Male) |
| 2:38 | Crear | Villager (Male) |
| 2:38 | Crear | Villager (Male) |
| 3:27 | Crear | Villager (Male) |
| 3:40 | Crear | Villager (Male) |
| 4:01 | Crear | Villager (Male) |
| 4:02 | Crear | Villager (Male) |
| 4:02 | Crear | Villager (Male) |
| 4:42 | Crear | Villager (Male) |
| 4:42 | Crear | Villager (Male) |
| 4:51 | Crear | Villager (Male) |
| 4:53 | Crear | Villager (Male) |
| 4:54 | Crear | Villager (Male) |
| 5:19 | Construir | Lumber Camp |
| 6:30 | Investigar | Loom |
| 6:59 | Investigar | Feudal Age |
| 8:11 | Construir | Mill |
| 8:50 | Crear | Villager (Male) |
| 8:50 | Crear | Villager (Male) |
| 8:59 | Construir | Barracks |
| 9:09 | Edad | Edad Feudal |
| 9:11 | Crear | Villager (Male) |
| 9:11 | Crear | Villager (Male) |
| 9:15 | Crear | Villager (Male) |
| 9:32 | Crear | Villager (Male) |
| 9:54 | Construir | Stable |
| 10:01 | Crear | Villager (Male) |
| 10:01 | Crear | Villager (Male) |
| 10:18 | Crear | Spearman |
| 10:32 | Construir | Palisade Wall |
| 10:35 | Crear | Scout Cavalry |
| 10:36 | Crear | Scout Cavalry |
| 10:36 | Crear | Scout Cavalry |
| 10:57 | Investigar | Double-Bit Axe |
| 11:02 | Construir | Farm |
| 11:06 | Construir | Farm |
| 11:11 | Construir | Farm |
| 11:15 | Crear | Scout Cavalry |
| 11:23 | Construir | Palisade Wall |
| 11:44 | Construir | Palisade Wall |
| 11:48 | Construir | Farm |
| 11:48 | Construir | Farm |
| 12:22 | Crear | Villager (Male) |
| 12:26 | Construir | Farm |
| 12:29 | Construir | Farm |
| 12:30 | Construir | Farm |
| 12:31 | Construir | Farm |
| 12:35 | Crear | Villager (Male) |
| 12:56 | Construir | Farm |
| 12:57 | Construir | Farm |
| 13:14 | Construir | Palisade Wall |
| 13:16 | Crear | Villager (Male) |
| 13:16 | Crear | Villager (Male) |
| 13:22 | Construir | Palisade Wall |
| 13:24 | Crear | Villager (Male) |
| 13:47 | Crear | Scout Cavalry |
| 13:47 | Crear | Scout Cavalry |
| 13:53 | Construir | Farm |
| 13:54 | Construir | Farm |
| 13:54 | Construir | Farm |
| 14:32 | Construir | Farm |
| 14:34 | Construir | Farm |
| 14:48 | Crear | Villager (Male) |
| 14:48 | Crear | Villager (Male) |
| 14:51 | Construir | Farm |
| 14:55 | Construir | Palisade Wall |
| 15:02 | Crear | Scout Cavalry |
| 15:02 | Crear | Scout Cavalry |
| 15:03 | Crear | Scout Cavalry |
| 15:09 | Construir | Palisade Wall |
| 15:23 | Construir | Farm |
| 15:26 | Construir | Farm |
| 15:28 | Crear | Villager (Male) |
| 15:28 | Crear | Villager (Male) |
| 15:37 | Crear | Villager (Male) |
| 16:03 | Construir | Blacksmith |
| 16:06 | Crear | Villager (Male) |
| 16:06 | Crear | Villager (Male) |
| 16:17 | Crear | Villager (Male) |
| 16:19 | Construir | Farm |
| 17:00 | Construir | Palisade Wall |
| 17:43 | Crear | Villager (Male) |
| 18:00 | Investigar | Forging |
| 18:03 | Construir | Farm |
| 18:24 | Crear | Villager (Male) |
| 18:37 | Construir | Mining Camp |
| 18:37 | Crear | Villager (Male) |
| 18:38 | Crear | Villager (Male) |
| 18:54 | Crear | Villager (Male) |
| 19:00 | Construir | Stable |
| 19:02 | Crear | Villager (Male) |
| 19:20 | Investigar | Scale Barding Armor |
| 19:23 | Crear | Villager (Male) |
| 19:28 | Crear | Scout Cavalry |
| 19:29 | Crear | Scout Cavalry |
| 19:29 | Crear | Scout Cavalry |
| 20:02 | Crear | Scout Cavalry ×5 |
| 20:03 | Crear | Scout Cavalry ×5 |
| 20:09 | Crear | Villager (Male) |
| 20:18 | Construir | Farm |
| 20:19 | Construir | Farm |
| 20:36 | Construir | Watch Tower |
| 21:25 | Construir | Palisade Wall |
| 21:36 | Construir | Farm |
| 22:00 | Construir | Farm |
| 22:32 | Crear | Scout Cavalry ×5 |
| 22:32 | Crear | Scout Cavalry ×5 |
| 22:50 | Crear | Villager (Male) |
| 22:51 | Crear | Villager (Male) |
| 22:54 | Construir | Palisade Wall |
| 22:56 | Crear | Villager (Male) |
| 22:56 | Crear | Villager (Male) |
Cronología de la partida
| 7:05 | [TOX2] Lord Rucci · first_building Barracks |
| 8:19 | C_XW · first_building Barracks |
| 8:58 | C_XW · age_up feudal |
| 8:59 | LRNI_robotech · first_building Barracks |
| 9:02 | [TOX2] Lord Rucci · age_up feudal |
| 9:05 | [TOX2] Lord Rucci · first_building Archery Range |
| 9:09 | LRNI_robotech · age_up feudal |
| 9:47 | LRNI MarinM · age_up feudal |
| 9:54 | LRNI_robotech · first_building Stable |
| 10:06 | C_XW · first_building Stable |
| 10:20 | LRNI MarinM · first_building Barracks |
| 10:32 | LRNI_robotech · wall_segment Palisade Wall x8 |
| 10:38 | C_XW · wall_segment Palisade Wall x1 |
| 11:12 | [TOX2] Lord Rucci · wall_segment Palisade Wall x5 |
| 11:21 | [TOX2] Lord Rucci · wall_segment Palisade Wall x17 |
| 11:23 | LRNI_robotech · wall_segment Palisade Wall x6 |
| 11:40 | [TOX2] Lord Rucci · wall_segment Palisade Wall x5 |
| 11:44 | LRNI_robotech · wall_segment Palisade Wall x8 |
| 12:40 | [TOX2] Lord Rucci · wall_segment Palisade Wall x8 |
| 12:42 | LRNI MarinM · first_building Archery Range |
| 12:47 | [TOX2] Lord Rucci · wall_segment Palisade Wall x14 |
| 13:06 | LRNI MarinM · wall_segment Palisade Wall x1 |
| 13:08 | LRNI MarinM · wall_segment Palisade Wall x1 |
| 13:14 | LRNI_robotech · wall_segment Palisade Wall x8 |
| 13:22 | LRNI_robotech · wall_segment Palisade Wall x10 |
| 13:30 | LRNI MarinM · wall_segment Palisade Wall x1 |
| 13:32 | LRNI MarinM · wall_segment Palisade Wall x1 |
| 13:34 | LRNI MarinM · wall_segment Palisade Wall x1 |
| 13:37 | LRNI MarinM · wall_segment Palisade Wall x1 |
| 13:38 | LRNI MarinM · wall_segment Palisade Wall x1 |
| 13:39 | LRNI MarinM · wall_segment Palisade Wall x1 |
| 13:42 | LRNI MarinM · wall_segment Palisade Wall x1 |
| 13:44 | LRNI MarinM · wall_segment Palisade Wall x1 |
| 14:29 | C_XW · wall_segment Palisade Wall x1 |
| 14:52 | [TOX2] Lord Rucci · wall_segment Palisade Wall x5 |
| 14:55 | LRNI_robotech · wall_segment Palisade Wall x13 |
| 15:09 | LRNI_robotech · wall_segment Palisade Wall x12 |
| 15:41 | C_XW · wall_segment Palisade Wall x22 |
| 16:50 | C_XW · wall_segment Palisade Wall x23 |
| 17:00 | LRNI_robotech · wall_segment Palisade Wall x11 |
| 18:36 | [TOX2] Lord Rucci · first_market_buy 100 food |
| 18:36 | [TOX2] Lord Rucci · first_market_sell 100 wood |
| 19:41 | [TOX2] Lord Rucci · wall_segment Palisade Wall x5 |
| 19:47 | LRNI MarinM · wall_segment Palisade Wall x8 |
| 19:52 | LRNI MarinM · wall_segment Palisade Wall x5 |
| 19:55 | LRNI MarinM · wall_segment Palisade Wall x12 |
| 21:01 | LRNI MarinM · wall_segment Palisade Wall x1 |
| 21:04 | LRNI MarinM · wall_segment Palisade Wall x1 |
| 21:08 | C_XW · first_market_buy 100 food |
| 21:22 | [TOX2] Lord Rucci · age_up castle |
| 21:25 | LRNI_robotech · wall_segment Palisade Wall x7 |
| 21:33 | LRNI MarinM · wall_segment Palisade Wall x6 |
| 21:38 | LRNI MarinM · wall_segment Palisade Wall x16 |
| 21:44 | LRNI MarinM · wall_segment Palisade Wall x9 |
| 22:48 | LRNI MarinM · first_market_buy 100 food |
| 22:54 | LRNI_robotech · wall_segment Palisade Wall x11 |
| 23:20 | LRNI MarinM · wall_segment Palisade Wall x5 |
| 23:22 | LRNI MarinM · wall_segment Palisade Wall x4 |
| 23:25 | LRNI MarinM · wall_segment Palisade Wall x10 |
| 23:25 | LRNI_robotech · resign |
[ ANÁLISIS IA · 1 CRÉDITO ]
¿Qué pasó realmente en esta partida?
Wolo.gg analiza cada decisión: build order, eco, micro, errores típicos por bracket. Análisis personalizado por WhatsApp o Discord en 30 segundos.
Guía civ
Eslavos
Perfil
LRNI MarinM